 Dungeon Crawl Stone Soup version 0.31-a0-691-g409c26aa35 (webtiles) character file.

Game seed: 11177375335879159832

967 qw the Skirmisher (level 8, -1/49 HPs)
             Began as a Gargoyle Hunter on Sept 6, 2023.
             Slain by a gnoll
             ... wielding a +5 halberd
              (4 damage)
             ... on level 5 of the Dungeon.
             The game lasted 00:01:58 (3474 turns).

qw the Skirmisher (Gargoyle Hunter)                 Turns: 3474, Time: 00:01:58

Health: -1/49      AC: 17    Str: 21    XL:     8   Next: 15%
Magic:  8/8        EV: 11    Int: 10    God:
Gold:   246        SH:  0    Dex: 15    Spells: 7/7 levels left

rFire   . . .        Y - +2 shortbow
rCold   . . .        (shield currently unavailable)
rNeg    + . .        f - +2 ring mail {rPois}
rPois   inf          i - +2 helmet
rElec   +            (no cloak)
rCorr   .            m - +0 pair of gloves
SInv    .            (no boots)
Will    .....        (no amulet)
Stlth   +            d - +6 ring of strength
HPRegen 0.28/turn    (no ring)
MPRegen 0.11/turn

%: no passive effects
@: about to teleport
A: sickness immunity, AC +5, negative energy resistance 1, electricity
resistance, torment resistance 1, petrification resistance
a: no special abilities


You were on level 5 of the Dungeon.
You visited 1 branch of the dungeon, and saw 5 of its levels.

You collected 246 gold pieces.


Innate Abilities, Weirdness & Mutations

You are immune to sickness and miasma.
Your stone body is resilient. (AC +5)
You are immune to poison.
You resist negative energy. (rN+)
You are resistant to electric shocks. (rElec)
You are resistant to unholy torment.
You are immune to petrification.


   Skills:
 - Level 5.0 Fighting
 + Level 8.4 Ranged Weapons
 - Level 2.4 Armour
 - Level 2.4 Dodging
 - Level 1.1 Stealth


You had 7 spell levels left.
You didn't know any spells.
Your spell library was empty.

Inventory:

Hand Weapons
 Y - a +2 shortbow (weapon)
Armour
 f - a +2 ring mail of poison resistance (worn)
 i - a +2 helmet (worn)
 m - a +0 pair of gloves (worn)
Jewellery
 d - a +6 ring of strength (left hand)
Scrolls
 b - 3 scrolls of identify
 k - 3 scrolls of teleportation
Potions
 a - a potion of enlightenment
 c - a potion of resistance
 g - a potion of curing

Dungeon Overview and Level Annotations

Branches:
Dungeon (5/15)
 Temple: D:4-7

Altars:
Ashenzari
Nemelex Xobeh
Trog
Wu Jian

Annotations:
D:3 1 runed translucent door, Crazy Yiuf


Message History

You shoot an arrow. The arrow barely misses the scorpion.
You hear an angry hiss.
The gnoll barely misses you. The scorpion closely misses you. x2
You shoot an arrow.
The arrow completely misses the scorpion.
The gnoll hits you from afar with a +5 halberd!
The scorpion stings you. The scorpion closely misses you.
You shoot an arrow.
The arrow hits the scorpion but does no damage.
The scorpion is moderately wounded.
The scorpion stings you but does no damage.
The scorpion barely misses you. The gnoll barely misses you.
You shoot an arrow. The arrow hits the scorpion!
The scorpion is almost dead.
The scorpion barely misses you.
The scorpion stings you but does no damage.
The gnoll hits you from afar with a +5 halberd!
The scorpion barely misses you.
You shoot an arrow. The arrow hits the scorpion.
You kill the scorpion!
The scorpion stings you but does no damage.
The gnoll hits you from afar with a +5 halberd!
The scorpion closely misses you.
You shoot an arrow.
The arrow hits the scorpion but does no damage.
The iguana closely misses you.
The gnoll hits you from afar with a +5 halberd.
The scorpion stings you.
3473 ||| READING 4 scrolls of teleportation.
As you read the scroll of teleportation, it crumbles to dust.
You feel strangely unstable. The iguana barely misses you.
The gnoll hits you from afar with a +5 halberd.
The scorpion stings you but does no damage.
You shoot an arrow.
The arrow completely misses the scorpion.
The iguana barely misses you.
The scorpion stings you but does no damage.
The gnoll hits you from afar with a +5 halberd.
You die...

#.#### ##.....## ###.#.#[ #.##.##
##.......## ##.#.....
###.#...####.........####...##.##
.....................'.......#.#
###.#................####...##.#
#################.## ##.###.#
...# ....#.....### ### #.#
...#.....#.gls.# ####.#
#g.#..#..#..#@.# #....#
#..#..#..#..#..# #.####
#.....#..l..#..# #.#
#.....#.....#..#### #.#
################..#..# #.#
.[................##.# #.#
..................##.## #.#
################..##..#####.#
...#.....#.....#..#.........#


You could see a scorpion, an iguana and a gnoll.

Vanquished Creatures
  A black bear (D:5)
  A phantom (D:4)
  A centaur (D:5)
  Blork the orc (D:4)
  2 scorpions
  4 hounds
  2 jellies
  An orc priest (D:5)
  3 iguanas (D:5)
  Terence (D:3)
  An orc wizard (D:4)
  Ijyb (D:3)
  Robin (D:4)
  3 gnolls (D:4)
  4 adders
  A worm (D:2)
  4 dart slugs
  7 orcs (D:4)
  5 endoplasms
  5 giant cockroaches
  14 goblins
  7 hobgoblins
  6 jackals
  5 quokkas
  6 ball pythons
  5 bats
  A frilled lizard (D:2)
  6 rats
99 creatures vanquished.

Notes
Turn   | Place    | Note
-------+----------+-------------------------------------------
     0 | D:1      | qw the Gargoyle Hunter began the quest for the Orb.
     0 | D:1      | Reached XP level 1. HP: 12/12 MP: 1/1
     0 | D:1      | 0 ||| qw: Version: 0.3-a-76-g4403597
     0 | D:1      | 0 ||| qw: Game counter: 20
     0 | D:1      | 0 ||| qw: Melee chars always use a shield: true
     0 | D:1      | 0 ||| qw: God list: Okawaru
     0 | D:1      | 0 ||| qw: Allow faded altars: false
     0 | D:1      | 0 ||| qw: Do Orc after clearing Dungeon:15 true
     0 | D:1      | 0 ||| qw: Do second Lair branch before Depths: true
     0 | D:1      | 0 ||| qw: Lair rune preference: random
     0 | D:1      | 0 ||| qw: Goals: Normal
     0 | D:1      | 0 ||| PLANNING D:1-11
   202 | D:1      | Reached XP level 2. HP: 17/17 MP: 2/2
   431 | D:1      | 431 ||| READING scroll labelled TIGUBB YNUSH.
   435 | D:1      | 435 ||| READING scroll labelled QEMPIFUSMU.
   447 | D:1      | 447 ||| READING scroll labelled GICUOJ ITHRUOCSEU.
   448 | D:1      | 448 ||| DROPPING scroll of butterflies.
   484 | D:2      | Reached XP level 3. HP: 21/21 MP: 3/3
   507 | D:2      | Reached skill level 5 in Ranged Weapons
   812 | D:2      | 812 ||| UPGRADING to +6 ring of strength.
   813 | D:2      | 813 ||| READING scroll labelled QIOCUCHODI.
   814 | D:2      | 814 ||| DRINKING 2 puce potions.
   815 | D:2      | 815 ||| DROPPING potion of attraction.
   857 | D:3      | Reached skill level 3 in Fighting
   930 | D:3      | Noticed Ijyb
   948 | D:3      | HP: 8/34 [Ijyb/+0 club (1)]
   954 | D:3      | HP: 5/34 [Ijyb/+0 club (1)]
   957 | D:3      | Killed Ijyb
   958 | D:3      | Reached XP level 4. HP: 7/28 MP: 4/4
   964 | D:3      | HP: 5/28 [quokka (1)]
   988 | D:3      | 988 ||| FLEEEEING.
  1143 | D:3      | Found a sparkling altar of Nemelex Xobeh.
  1295 | D:3      | Found a runed translucent door.
  1296 | D:3      | Noticed Crazy Yiuf
  1323 | D:3      | Noticed Terence
  1325 | D:3      | 1325 ||| FLEEEEING.
  1326 | D:3      | 1326 ||| FLEEEEING.
  1327 | D:3      | 1327 ||| FLEEEEING.
  1341 | D:3      | 1341 ||| FLEEEEING.
  1375 | D:3      | 1375 ||| READING scroll labelled YFEMUB EMOLI.
  1377 | D:3      | HP: 7/28 [Terence/+0 trident (6)]
  1382 | D:3      | HP: 2/28 [Terence/+0 trident (5)]
  1387 | D:3      | Killed Terence
  1551 | D:3      | Reached XP level 5. HP: 32/32 MP: 5/5
  1557 | D:3      | Found a broken altar of Ashenzari.
  1749 | D:3      | 1749 ||| UPGRADING to +2 ring mail of poison resistance.
  1759 | D:3      | 1759 ||| DROPPING +0 leather armour.
  1760 | D:3      | 1760 ||| READING scroll labelled WUCURY CAUVU.
  1761 | D:3      | 1761 ||| DRINKING 2 green potions.
  1802 | D:4      | 1802 ||| STAIRDANCE
  1806 | D:4      | 1806 ||| STAIRDANCE
  1810 | D:4      | 1810 ||| STAIRDANCE
  1814 | D:4      | 1814 ||| STAIRDANCE
  1818 | D:4      | 1818 ||| STAIRDANCE
  1822 | D:4      | 1822 ||| STAIRDANCE
  1826 | D:4      | 1826 ||| STAIRDANCE
  1830 | D:4      | 1830 ||| STAIRDANCE
  1834 | D:4      | 1834 ||| STAIRDANCE
  1838 | D:4      | 1838 ||| STAIRDANCE
  1842 | D:4      | 1842 ||| STAIRDANCE
  1846 | D:4      | 1846 ||| STAIRDANCE
  1850 | D:4      | 1850 ||| STAIRDANCE
  1854 | D:4      | 1854 ||| STAIRDANCE
  1858 | D:4      | 1858 ||| STAIRDANCE
  1862 | D:4      | 1862 ||| STAIRDANCE
  1866 | D:4      | 1866 ||| STAIRDANCE
  1870 | D:4      | 1870 ||| STAIRDANCE
  1874 | D:4      | 1874 ||| STAIRDANCE
  1878 | D:4      | 1878 ||| STAIRDANCE
  1933 | D:4      | Found an ornate altar of the Wu Jian Council.
  1947 | D:4      | Reached skill level 1 in Armour
  1980 | D:4      | Noticed Robin
  1993 | D:4      | Reached skill level 6 in Ranged Weapons
  2001 | D:4      | HP: 7/32 [Robin/+0 trident (4)]
  2002 | D:4      | 2002 ||| READING scroll of teleportation.
  2008 | D:4      | HP: 6/32 [goblin/+0 club[Robin] (2)]
  2013 | D:4      | Killed Robin
  2131 | D:4      | 2131 ||| READING scroll of enchant weapon.
  2131 | D:4      | 2131 ||| ENCHANTING +1 shortbow.
  2250 | D:4      | Reached XP level 6. HP: 38/38 MP: 6/6
  2627 | D:4      | Reached skill level 7 in Ranged Weapons
  2627 | D:4      | Reached XP level 7. HP: 43/43 MP: 7/7
  2720 | D:4      | Noticed Blork the orc
  2732 | D:4      | Killed Blork the orc
  2852 | D:4      | 2852 ||| UPGRADING to +2 helmet.
  2857 | D:4      | 2857 ||| UPGRADING to +0 pair of gloves.
  2862 | D:4      | 2862 ||| READING scroll labelled ATEDGH PICIUV.
  2863 | D:4      | 2863 ||| READING scroll labelled BEHUNY AXOISCH.
  2864 | D:4      | 2864 ||| READING scroll labelled EROINU VUYPENT.
  2865 | D:4      | 2865 ||| DRINKING 2 coppery potions.
  2866 | D:4      | 2866 ||| READING 5 scrolls of identify.
  2866 | D:4      | 2866 ||| IDENTIFYING golden potion
  2867 | D:4      | 2867 ||| READING 4 scrolls of identify.
  2867 | D:4      | 2867 ||| IDENTIFYING fizzy sapphire potion
  2868 | D:4      | 2868 ||| READING 3 scrolls of identify.
  2868 | D:4      | 2868 ||| IDENTIFYING white potion
  2869 | D:4      | 2869 ||| DROPPING potion of brilliance.
  2870 | D:4      | 2870 ||| DROPPING potion of magic.
  2871 | D:4      | 2871 ||| DROPPING potion of lignification.
  2898 | D:5      | Entered Level 5 of the Dungeon
  3041 | D:5      | Found a bloodstained altar of Trog.
  3223 | D:5      | Reached skill level 8 in Ranged Weapons
  3258 | D:5      | 3258 ||| DRINKING 2 smoky cyan potions.
  3301 | D:5      | Reached XP level 8. HP: 31/49 MP: 8/8
  3375 | D:5      | 3375 ||| Stepping ~*~*~tactically~*~*~ (outnumbered).
  3437 | D:5      | 3437 ||| READING scroll labelled JAHAM SOUGO.
  3460 | D:5      | 3460 ||| Stepping ~*~*~tactically~*~*~ (retreating).
  3461 | D:5      | 3461 ||| Stepping ~*~*~tactically~*~*~ (outnumbered).
  3472 | D:5      | HP: 9/49 [gnoll/+5 halberd (5)]
  3473 | D:5      | 3473 ||| READING 4 scrolls of teleportation.
  3473 | D:5      | HP: 3/49 [gnoll/+5 halberd (4)]
  3474 | D:5      | Slain by a gnoll

Levels and vault maps discovered:
D:1:      roderic_octagonal_star, layout_rooms
D:2:      layout_rooms, dreamdust_wishing_well
D:3:      layout_rooms, nemelex_diamond_rough_becter,
          nicolae_overflow_hidden_temple, uniq_terence, uniq_ijyb,
          uniq_crazy_yiuf_cottage
D:4:      layout_cave_pods, nicolae_wu_jian_glorious_leap,
          lightli_corner_chamber, uniq_blork_the_orc, uniq_robin
D:5:      kennysheep_windowed_halls, layout_loops_corners,
          mainiacjoe_overflow_tiny_flanked, mainiacjoe_overflow_alcove_4

Skill      XL: |  1  2  3  4  5  6  7 |
---------------+----------------------+-----
Ranged Weapons | 5 6 7 8 |  8.4
Fighting       | 3 4 5 |  5.0
Armour         | 1 2 |  2.4
Dodging        | 2 |  2.4
Stealth        | |  1.1

Action                     |  1- 3 |  4- 6 |  7- 9 || total
---------------------------+-------+-------+-------++-------
   Fire: Shortbow          |   114 |   180 |    92 ||   386
    Use: Scroll            |     4 |     4 |     8 ||    16
         Potion            |     1 |     1 |     2 ||     4
 Armour: Leather armour    |    15 |    11 |       ||    26
         Skin              |    31 |    14 |       ||    45
         Ring mail         |       |    58 |    73 ||   131
  Dodge: Dodged            |    15 |    61 |    46 ||   122

Table legend:
 A = Non-vault XP
 B = Vault XP
 C = Vault XP percentage of total XP
 D = Non-vault monster count
 E = Vault monster count
 F = Vault count percentage of total count
                 A         B        C        D         E       F
            +---------+---------+-------+---------+---------+-------
      Total |     712 |     670 |  48.5 |      76 |      23 |  23.2
            +---------+---------+-------+---------+---------+-------
        D:1 |      13 |       0 |   0.0 |       9 |       0 |   0.0
        D:2 |      51 |       0 |   0.0 |      20 |       0 |   0.0
        D:3 |      34 |      69 |  67.0 |      16 |       2 |  11.1
        D:4 |     430 |     137 |  24.2 |      28 |      13 |  31.7
        D:5 |     184 |     464 |  71.6 |       3 |       8 |  72.7
            +---------+---------+-------+---------+---------+-------
